 Dungeon Crawl Stone Soup version 0.31.0-12-g77e489cdc1 (webtiles) character file.

Game seed: 846042009687809127

569 spaghetti the Sneak (level 7, -1/52 HPs)
             Began as a Demonspawn Brigand on Feb 17, 2024.
             Was a Believer of Trog.
             Killed from afar by an orc wizard (6 damage)
             ... with a magic dart
             ... on level 4 of the Dungeon.
             The game lasted 00:04:24 (3410 turns).

spaghetti the Sneak (Demonspawn Brigand)            Turns: 3410, Time: 00:04:24

Health: -1/52      AC:  9    Str: 11    XL:     7   Next: 11%
Magic:  7/7        EV: 12    Int: 12    God:    Trog [**....]
Gold:   233        SH:  0    Dex: 16    Spells: 6/6 levels left

rFire   . . .        j - +1 scythe (vamp)
rCold   . . .        (shield currently unavailable)
rNeg    . . .        b - +0 robe
rPois   .            (no helmet)
rElec   .            c - +1 cloak
rCorr   .            (no gloves)
SInv    .            (no boots)
Will    .....        h - amulet of faith
Stlth   +            r - +4 ring of protection
HPRegen 0.28/turn    (no ring)
MPRegen 0.10/turn

%: faith
@: confused, on berserk cooldown, slowed, very slow
A: powered by pain 1, sharp scales 1, deterioration 1
a: Renounce Religion, Berserk, Trog's Hand


You were on level 4 of the Dungeon.
You worshipped Trog.
Trog was pleased with you.
You visited 1 branch of the dungeon, and saw 4 of its levels.

You collected 233 gold pieces.

Inventory:

Hand Weapons
 a - a +2 dagger
 f - a +3 dagger of venom
 j - a +1 vampiric scythe (weapon)
Missiles
 d - 21 poisoned darts
 e - 3 curare-tipped darts
 k - 2 throwing nets
Armour
 b - a +0 robe (worn)
 c - a +1 cloak (worn)
 i - a +1 cloak
Jewellery
 h - an amulet of faith (around neck)
 r - a +4 ring of protection (left hand)
Wands
 q - a wand of paralysis (5)
Scrolls
 g - a scroll of immolation {unknown}
 l - 2 scrolls of identify {unknown}
 n - a scroll of enchant armour
 o - 3 scrolls of fog


   Skills:
 - Level 3.5 Fighting
 - Level 1.7 Short Blades
 + Level 2.6 Polearms
 - Level 3.2 Throwing
 - Level 1.6 Armour
 - Level 2.1 Dodging
 - Level 5.5 Stealth


You had 6 spell levels left.
You didn't know any spells.
Your spell library contained the following spells:

 Spells                   Type           Power      Damage    Failure   Level
 Static Discharge         Conj/Air       0%         3-3/arc   45%         2
 Summon Ice Beast         Ice/Summ       0%         N/A       69%         3
 Airstrike                Air            0%         2d(0-16)  97%         4
 Summon Lightning Spire   Summ/Air       0%         N/A       97%         4
 Summon Mana Viper        Hex/Summ       0%         N/A       100%        5
 Monstrous Menagerie      Summ           0%         N/A       100%        7


Dungeon Overview and Level Annotations

Branches:
Dungeon (4/15)
 Temple: D:4-7

Altars:
Kikubaaqudgha
Trog


Innate Abilities, Weirdness & Mutations

You sometimes gain a little power by taking damage.
You are partially covered in razor-sharp scales. (AC +1, Slay +1)
Your body sometimes deteriorates upon taking damage.


Message History

You hear some strange, mumbled words.
Something tries to affect you, but you resist.
You hear some strange, mumbled words.
A puff of flame appears from out of thin air!
The puff of flame hits you.
* * * LOW HITPOINT WARNING * * *
Unknown command.
You slash something! Trog accepts your kill.
Trog appreciates your killing of a magic user.
Reactivating autopickup.
You feel a bit more experienced. The lemure hits you.
* * * LOW HITPOINT WARNING * * *
You hear some strange, mumbled words.
Deactivating autopickup; reactivate with Ctrl-A.
You are confused.
You feel your intelligence returning.
Unknown command.
You closely miss something.
You are no longer berserk.
You are exhausted.
You feel yourself slow down. The lemure hits you.
* * * LOW HITPOINT WARNING * * *
Something barely misses you.
Unknown command.
Unknown command.
You aren't carrying any potions.
You are too confused!
Something hits you but does no damage.
Things that are here:
a +0 flail; an orc corpse Unknown command.
Unknown command.
You completely miss something. The lemure hits you.
* * * LOW HITPOINT WARNING * * *
Something hits you but does no damage. The lemure barely misses you.
You hear some strange, mumbled words.
A magic dart appears from out of thin air!
The magic dart hits you.
You die...

#.. .# ##.# .##
#.###.##.# ...
##<......## .!
##.###.#####. .#
##......# #.###.# #
#.......# #..#))#.#
.#...#### #g{5)..#
##...# ###@####
#...# ########.#
#...# #.......$#
##...####.#####..#
...........# #..#
..(.)...>..........
...........####..###
##...####.## #..#
#...# #... ...#


You could see a lemure and a goblin.

Vanquished Creatures
  Sigmund (D:4)
  2 orc priests
  Crazy Yiuf (D:3)
  A hound (D:4)
  Jessica (D:3)
  4 orc wizards
  3 adders
  4 gnolls (D:4)
  A dart slug (D:4)
  7 orcs
  10 ball pythons
  7 endoplasms
  5 giant cockroaches
  8 goblins
  4 hobgoblins
  8 kobolds
  4 quokkas
  6 bats
  6 frilled lizards
  5 rats
  A spectral kobold (D:3)
89 creatures vanquished.

Notes
Turn   | Place    | Note
-------+----------+-------------------------------------------
     0 | D:1      | spaghetti the Demonspawn Brigand began the quest for the
                  | Orb.
     0 | D:1      | Reached XP level 1. HP: 16/16 MP: 1/1
   352 | D:1      | Gained mutation: You sometimes gain a little power by
                  | taking damage. [demonic ancestry]
   352 | D:1      | Reached XP level 2. HP: 17/22 MP: 2/2
   459 | D:1      | Reached skill level 4 in Stealth
   657 | D:1      | Gained mutation: You are partially covered in razor-sharp
                  | scales. (AC +1, Slay +1) [demonic ancestry]
   657 | D:1      | Reached XP level 3. HP: 28/28 MP: 3/3
  2081 | D:3      | Reached skill level 1 in Dodging
  2081 | D:3      | Reached XP level 4. HP: 21/34 MP: 4/4
  2100 | D:3      | Found an ancient bone altar of Kikubaaqudgha.
  2111 | D:3      | Gained mutation: Your body sometimes deteriorates upon
                  | taking damage. [potion of mutation]
  2111 | D:3      | Gained mutation: You are clumsy. (Dex -2) [potion of
                  | mutation]
  2111 | D:3      | Lost mutation: You are clumsy. (Dex -2) [potion of
                  | mutation]
  2114 | D:3      | Reached XP level 5. HP: 39/41 MP: 5/5
  2354 | D:3      | Found a faded altar of an unknown god.
  2367 | D:3      | Prayed at the altar of an unknown god.
  2367 | D:3      | Became a worshipper of Trog the Wrathful
  2367 | D:3      | Reached * piety under Trog
  2455 | D:3      | Noticed Jessica
  2457 | D:3      | Killed Jessica
  2458 | D:3      | Reached skill level 1 in Armour
  2458 | D:3      | Reached skill level 5 in Stealth
  2986 | D:3      | Found a runed translucent door.
  2987 | D:3      | Noticed Crazy Yiuf
  3052 | D:3      | Killed Crazy Yiuf
  3191 | D:4      | Noticed Sigmund
  3197 | D:4      | Killed Sigmund
  3198 | D:4      | Reached XP level 6. HP: 47/47 MP: 6/6
  3224 | D:4      | Reached skill level 1 in Polearms
  3235 | D:4      | Reached ** piety under Trog
  3397 | D:4      | Reached XP level 7. HP: 43/52 MP: 7/7
  3410 | D:4      | Killed from afar by an orc wizard

Illustrated notes

Levels and vault maps discovered:
D:1:      roderic_octagonal_star, layout_basic, nrook_mini_backslash,
          grunt_decor_fettered, minmay_misc_feat_rugged, st_stairs_5
D:2:      layout_basic
D:3:      layout_loops_ring, kiku_gazebo_pond_becter,
          dreamdust_ecumenical_altar_drowned_temple, kennysheep_cross_room,
          uniq_jessica, uniq_crazy_yiuf_cottage
D:4:      layout_loops_cross, kennysheep_mini_moat, serial_shops, shop,
          minivault_4, uniq_sigmund, uniq_pikel

Skill      XL: |  1  2  3  4  5  6 |
---------------+-------------------+-----
Throwing       | 2 3 |  3.2
Stealth        | 4 5 |  5.5
Dodging        | 1 2 |  2.1
Fighting       | 3 |  3.5
Armour         | 1 |  1.6
Polearms       | 2 |  2.6
Short Blades   | |  1.7

Action                     |  1- 3 |  4- 6 |  7- 9 || total
---------------------------+-------+-------+-------++-------
  Melee: Dagger            |    91 |    71 |       ||   162
         Halberd           |       |    37 |    13 ||    50
  Throw: Dart              |     3 |       |       ||     3
 Invoke: Berserk           |       |     2 |       ||     2
    Use: Potion            |       |     5 |       ||     5
         Scroll            |       |     7 |       ||     7
   Stab: Sleeping          |    15 |     6 |       ||    21
         Distracted        |     1 |       |       ||     1
 Armour: Robe              |    48 |    91 |    25 ||   164
         Skin              |       |     9 |       ||     9
  Dodge: Dodged            |    36 |    84 |     9 ||   129
